 Dungeon Crawl Stone Soup version 0.31-a0-188-g5e087ee2ca (webtiles) character file.

Game seed: 13868818879749947781

62 qw the Shooter (level 3, 0/20 HPs)
             Began as a Deep Elf Hunter on June 23, 2023.
             Succumbed to their own poison gas
             ... on level 2 of the Dungeon.
             The game lasted 00:00:37 (1593 turns).

qw the Shooter (Deep Elf Hunter)                    Turns: 1593, Time: 00:00:37

Health: 0/20       AC:  7    Str: 16    XL:     3   Next: 85%
Magic:  5/5        EV: 10    Int: 13    God:
Gold:   66         SH:  0    Dex: 18    Spells: 2/2 levels left

rFire   . . .        Y - +0 shortbow
rCold   . . .        (shield currently unavailable)
rNeg    . . .        h - +0 scale mail
rPois   .            (no helmet)
rElec   .            (no cloak)
rCorr   .            (no gloves)
SInv    .            i - +0 pair of boots
Will    .....        (no amulet)
Stlth   +            a - +6 ring of strength
HPRegen 0.23/turn    (no ring)
MPRegen 0.09/turn

%: no passive effects
@: lethally poisoned (0 -> -3), attractive
A: no striking features
a: no special abilities


You were on level 2 of the Dungeon.
You visited 1 branch of the dungeon, and saw 2 of its levels.

You collected 66 gold pieces.


   Skills:
 - Level 1.5 Fighting
 + Level 7.3 Ranged Weapons
 - Level 2.4 Dodging
 - Level 1.2 Stealth


You had 2 spell levels left.
You didn't know any spells.
Your spell library was empty.

Inventory:

Hand Weapons
 Y - a +0 shortbow (weapon)
Armour
 h - a +0 scale mail (worn)
 i - a +0 pair of boots (worn)
Jewellery
 a - a +6 ring of strength (left hand)
Scrolls
 c - 4 scrolls of identify
Potions
 g - a potion of enlightenment

Dungeon Overview and Level Annotations

Branches:
Dungeon (2/15)

Altars:


Message History

It was a scroll of poison.
Done exploring.
1583 ||| DRINKING 2 puce potions.
It was a potion of attraction.
You feel attractive to monsters.
Done exploring.
1584 ||| DROPPING potion of attraction.
You drop a potion of attraction.
Done exploring.
(D) Dungeon
Where to? (* - list waypoints, Enter - D:2, ? - help)
What level of the Dungeon? (default 1, ? - help) Sorry, I don't know how to get there.
Enter note:
Enter note:
Enter note:
Enter note:
Enter note:
Enter note:
Enter note:
Enter note:
Enter note: Really walk into that cloud of poison gas?
You are engulfed in poison gas.
You are poisoned.
You feel very sick.
1586 ||| Stepping ~*~*~tactically~*~*~ (cloud).
You feel very sick.
You see here a potion of attraction.
There is a lethal amount of poison in your body!
You feel sick.
There is a lethal amount of poison in your body!
You feel sick.
There is a lethal amount of poison in your body!
You feel sick.
There is a lethal amount of poison in your body!
You feel sick.
There is a lethal amount of poison in your body!
You feel sick.
There is a lethal amount of poison in your body!
You feel sick.
There is a lethal amount of poison in your body!
You die...

#......# #.#...
####.### #....#
#.# ##.#.# #.#
###.#.. #.#
#.....#
#######.####.....#
#00........#.....#
#¤##.##(##.#.....#
#@##.##.##.#.....#
#0##....##.#######
#0##.##.##.#
#¤¤.....##.# ####
####.......# #...
##.####### #.##
#.<.# ####.##
#...######......
#..........##.##


There were no monsters in sight!

Vanquished Creatures
  An adder (D:2)
  A worm (D:2)
  2 dart slugs (D:1)
  2 ball pythons
  5 endoplasms
  2 giant cockroaches
  3 goblins
  3 hobgoblins
  6 jackals (D:1)
  5 kobolds
  3 quokkas
  5 bats
  2 rats
40 creatures vanquished.

Notes
Turn   | Place    | Note
-------+----------+-------------------------------------------
     0 | D:1      | qw the Deep Elf Hunter began the quest for the Orb.
     0 | D:1      | Reached XP level 1. HP: 12/12 MP: 3/3
     0 | D:1      | 0 ||| qw: Version: 0.3-a-9-g12657ce
     0 | D:1      | 0 ||| qw: Game counter: 3311
     0 | D:1      | 0 ||| qw: Always use a shield: true
     0 | D:1      | 0 ||| qw: God list: Okawaru
     0 | D:1      | 0 ||| qw: Allow faded altars: false
     0 | D:1      | 0 ||| qw: Do Orc after D:15 true
     0 | D:1      | 0 ||| qw: Do second Lair branch before Depths: true
     0 | D:1      | 0 ||| qw: Lair rune preference: random
     0 | D:1      | 0 ||| qw: Plans: Normal
     0 | D:1      | 0 ||| PLANNING D:1-11
   126 | D:1      | Reached XP level 2. HP: 16/16 MP: 4/4
   130 | D:1      | Reached skill level 6 in Ranged Weapons
   547 | D:1      | Reached XP level 3. HP: 20/20 MP: 5/5
   643 | D:1      | 643 ||| UPGRADING to +0 scale mail.
   653 | D:1      | 653 ||| DROPPING +0 leather armour.
   654 | D:1      | 654 ||| UPGRADING to +0 pair of boots.
   659 | D:1      | 659 ||| READING scroll labelled PANUCUCR EGIG.
   660 | D:1      | 660 ||| READING scroll labelled DITIH MOAZIAT.
   661 | D:1      | 661 ||| READING scroll labelled XINITOA ZEOZ.
   662 | D:1      | 662 ||| DRINKING 2 fuming yellow potions.
   663 | D:1      | 663 ||| DROPPING scroll of butterflies.
   844 | D:2      | Reached skill level 7 in Ranged Weapons
  1059 | D:2      | HP: 3/20 [worm (7)]
  1462 | D:2      | HP: 4/20 [hobgoblin/sling bullet (2)]
  1581 | D:2      | 1581 ||| UPGRADING to +6 ring of strength.
  1582 | D:2      | 1582 ||| READING scroll labelled SOKKUMM IDUMN.
  1583 | D:2      | 1583 ||| DRINKING 2 puce potions.
  1584 | D:2      | 1584 ||| DROPPING potion of attraction.
  1586 | D:2      | 1586 ||| Stepping ~*~*~tactically~*~*~ (cloud).
  1588 | D:2      | HP: 5/20 [poisoned by you (poison gas)]
  1590 | D:2      | HP: 2/20 [poisoned by you (poison gas)]
  1593 | D:2      | Succumbed to their own poison gas

Levels and vault maps discovered:
D:1:      evilmike_arrival_crescent, layout_loops_ring, solitary_fountain
D:2:      layout_loops_cross

Skill      XL: |  1  2  3 |
---------------+----------+-----
Ranged Weapons | 6 7 |  7.3
Fighting       | |  1.5
Dodging        | |  2.4
Stealth        | |  1.2

Action                     || total
---------------------------++-------
   Fire: Shortbow          ||   143
    Use: Scroll            ||     4
         Potion            ||     2
 Armour: Leather armour    ||     3
         Scale mail        ||    23
  Dodge: Dodged            ||    42

Table legend:
 A = Non-vault XP
 B = Vault XP
 C = Vault XP percentage of total XP
 D = Non-vault monster count
 E = Vault monster count
 F = Vault count percentage of total count
                 A         B        C        D         E       F
            +---------+---------+-------+---------+---------+-------
      Total |      89 |       0 |   0.0 |      40 |       0 |   0.0
            +---------+---------+-------+---------+---------+-------
        D:1 |      46 |       0 |   0.0 |      22 |       0 |   0.0
        D:2 |      43 |       0 |   0.0 |      18 |       0 |   0.0
            +---------+---------+-------+---------+---------+-------
